cohdb
Replays
Latest Replays
All Replays
Popular Replays
Top Player Replays
Match Explorer
How It Works
Community
CoH3 Stats
Reddit
Sign in to upload your games and track your stats! →
Sign in with Steam
Match 42116663
Unlisted
Match 42116663
Overview
Messages
Build Orders
End
Scout Squad
Selects Heavy Weapons
Construct Barracks
1⁄4-ton 4x4 Truck
Riflemen Squad
Riflemen Squad
Selects Assault Carriers
Construct Weapon Support Center
Bazooka Squad
Construct Medical Station
Riflemen Squad
Infantry Support Center
M3 Assault Carrier
Riflemen Squad
Grenade Package
Engineer Squad
Selects Exchangeable Parts
M3 Assault Carrier
M3 Assault Carrier
Construct Medical Station
Kitsuné
xizi20
0
0
Comments
sign in to comment!
No comments posted yet!